cohdb
Replays
Latest Replays
All Replays
Popular Replays
Top Player Replays
Match Explorer
How It Works
Community
CoH3 Stats
Reddit
Sign in to upload your games and track your stats! →
Sign in with Steam
Match 41878556
Unlisted
Match 41878556
Overview
Messages
Build Orders
End
Pioneer Squad
Construct Infanterie Kompanie
Selects Terror Battlegroup
Selects Machine Gun Camouflage
Grenadier Squad
MG 42 Machine Gun Team
Medical Station
Grenadier Squad
Construct Panzergrenadier Kompanie
MG 42 Machine Gun Team
Selects Interrogate
Pak 40 Anti-tank Gun Team
Support Elements
StuG III G Assault Gun
Panzergrenadier Squad
MarsAttacks
Jervi
0
0
Comments
sign in to comment!
No comments posted yet!